General information
- name: BNet
- type: Ladder 1vs1/FFA
- host: Battle.net
- saver: Ninja_Techies
map: TwistedMeadows
- players: 2
- length: 29:23
- speed: Fast
- version: 1.26 W3XP
- replay type: Public
» download(100 KB)
Players
team 1 (winner)

»
Ninja_Techies (
purple | 63 APM | 1866 actions | 29:23)
4 Priestess of the Moon
1 Scout
2 Trueshot Aura
1 Searing Arrows
2 Keeper of the Grove
1 Entangling Roots
1 Thorns Aura
» actions
| Assign group hotkey | 41 | |
| Basic commands | 25 | |
| Build / train | 90 | |
| Enter build submenu | 28 | |
| Enter hero's abilities submenu | 6 | |
| Give item / drop item | 1 | |
| Right click | 807 | |
| Select / deselect | 533 | |
| Select group hotkey | 242 | |
| Use ability | 93 | |
1866 total
» units
| Wisp | 25 | |
| Archer | 17 | |
| Huntress | 12 | |
| Dryad | 2 | |
| Goblin Zeppelin | 1 | |
| Hippogryph | 4 | |
61 total
» upgrades
| Strength of the Moon | 2 | |
| Moon Armor | 2 | |
| Sentinel | 1 | |
| Improved Bows | 1 | |
| Abolish Magic | 1 | |
| Strength of the Wild | 2 | |
| Hippogryph Taming | 1 | |
| Reinforced Hides | 2 | |
12 total
» buildings
| Altar of Elders | 1 | |
| Moon Well | 4 | |
| Ancient of War | 1 | |
| Hunter's Hall | 1 | |
| Ancient Protector | 13 | |
| Tree of Ages | 1 | |
| Ancient of Lore | 1 | |
| Ancient of Wind | 1 | |
| Tree of Life | 1 | |
| Ancient of Wonders | 1 | |
| Tree of Eternity | 3 | |
28 total
» build order
00:08 Altar of Elders
00:13 Moon Well
00:46 Ancient of War
01:32 Moon Well
03:15 Hunter's Hall
04:22 Ancient Protector
04:33 Ancient Protector
05:19 Ancient Protector
06:15 Ancient Protector
08:42 Ancient Protector
09:01 Ancient Protector
11:00 Moon Well
11:07 Tree of Ages
15:17 Ancient of Lore
16:24 Moon Well
18:04 Ancient of Wind
18:12 Ancient Protector
19:56 Ancient Protector
20:01 Ancient Protector
24:51 Tree of Life
25:32 Ancient Protector
25:36 Ancient Protector
26:03 Ancient Protector
26:06 Ancient Protector
26:25 Ancient of Wonders
28:21 Tree of Eternity
28:21 Tree of Eternity
28:21 Tree of Eternity
» items
team 2 (loser)
andilovemysex (
blue | 117 APM | 3432 actions | 29:21)
5 Blademaster
3 Wind Walk
2 Critical Strike
5 Tauren Chieftain
3 Shockwave
2 Endurance Aura
» actions
| Assign group hotkey | 250 | |
| Basic commands | 11 | |
| Build / train | 96 | |
| ESC pressed | 2 | |
| Enter build submenu | 67 | |
| Enter hero's abilities submenu | 11 | |
| Give item / drop item | 12 | |
| Right click | 1755 | |
| Select / deselect | 451 | |
| Select group hotkey | 599 | |
| Use ability | 178 | |
3432 total
» units
| Peon | 20 | |
| Grunt | 5 | |
| Wind Rider | 7 | |
| Troll Batrider | 3 | |
| Goblin Shredder | 2 | |
37 total
» upgrades
| Berserker Strength | 1 | |
| Envenomed Spears | 2 | |
| Reinforced Defenses | 1 | |
4 total
» buildings
| Altar of Storms | 1 | |
| Orc Burrow | 5 | |
| Barracks | 1 | |
| Voodoo Lounge | 3 | |
| Stronghold | 2 | |
| Fortress | 2 | |
| Great Hall | 2 | |
| Beastiary | 2 | |
| War Mill | 1 | |
| Spirit Lodge | 1 | |
| Watch Tower | 49 | |
69 total
» build order
00:12 Altar of Storms
00:16 Orc Burrow
00:38 Barracks
01:38 Orc Burrow
02:00 Voodoo Lounge
03:21 Stronghold
03:21 Stronghold
03:42 Orc Burrow
06:27 Fortress
06:58 Great Hall
07:01 Beastiary
07:47 Beastiary
08:45 War Mill
08:47 Orc Burrow
17:42 Great Hall
18:54 Orc Burrow
20:01 Spirit Lodge
20:58 Voodoo Lounge
21:00 Voodoo Lounge
22:09 Watch Tower
22:09 Watch Tower
22:10 Watch Tower
22:11 Watch Tower
22:11 Watch Tower
22:12 Watch Tower
22:13 Watch Tower
22:14 Watch Tower
22:15 Watch Tower
22:15 Watch Tower
22:21 Watch Tower
22:22 Watch Tower
22:22 Watch Tower
22:23 Watch Tower
22:24 Watch Tower
22:25 Watch Tower
22:25 Watch Tower
22:26 Watch Tower
22:27 Watch Tower
22:28 Watch Tower
22:28 Watch Tower
22:29 Watch Tower
22:30 Watch Tower
22:31 Watch Tower
24:04 Watch Tower
24:04 Watch Tower
24:05 Watch Tower
24:06 Watch Tower
24:06 Watch Tower
24:07 Watch Tower
24:09 Watch Tower
24:09 Watch Tower
25:27 Watch Tower
25:28 Watch Tower
25:29 Watch Tower
25:29 Watch Tower
25:30 Watch Tower
25:31 Watch Tower
25:32 Watch Tower
25:33 Watch Tower
25:35 Watch Tower
25:36 Watch Tower
26:48 Watch Tower
26:49 Watch Tower
26:49 Watch Tower
26:51 Watch Tower
26:52 Watch Tower
26:53 Watch Tower
26:53 Watch Tower
» items
| Healing Salve | 12 | |
| Lesser Clarity Potion | 10 | |
| Boots of Speed | 1 | |
| Scroll of Speed | 1 | |
| Orb of Lightning | 2 | |
| Potion of Mana | 1 | |
| Scroll of Healing | 2 | |
| Potion of Healing | 4 | |
| Tiny Great Hall | 1 | |
34 total
Chat log
(00:50 / All) andilovemysex: sup noob
(01:53 / All) Ninja_Techies: hi
(02:04 / All) andilovemysex: whats a noobie up to?
(03:24 / All) Ninja_Techies: well i lost
(03:28 / All) andilovemysex: did you?
(05:37 / All) Ninja_Techies: and yes
(05:58 / All) Ninja_Techies: but maybe not cuz ur kinda nooby
(06:06 / All) andilovemysex: not as noobie as you :p
(08:01 / All) Ninja_Techies: well u could have won in the first 2 minutes
(08:08 / All) andilovemysex: nah
(08:09 / All) andilovemysex: elf is imba
(08:16 / All) Ninja_Techies: elf sucks
(08:21 / All) andilovemysex: no elf is too strong
(08:25 / All) Ninja_Techies: bull lol
(08:54 / All) Ninja_Techies: corse i totally screwed myself over
(09:00 / All) andilovemysex: cause u noob
(09:09 / All) Ninja_Techies: not really lol
(09:17 / All) Ninja_Techies: just messed up
(09:27 / All) andilovemysex: noob
(09:27 / All) andilovemysex: :p
(10:36 / All) Ninja_Techies: see like now
(10:40 / All) Ninja_Techies: when i cant counter you at all
(10:50 / All) andilovemysex: ne imba
(13:00 / All) Ninja_Techies: will you just win already
(13:05 / All) andilovemysex: leave
(13:06 / All) andilovemysex: nub
(13:09 / All) andilovemysex: tower nub
(13:15 / All) Ninja_Techies: lol
(13:39 / All) Ninja_Techies: u obviously dont know how to play
(13:46 / All) andilovemysex: im pwning you
(13:51 / All) andilovemysex: obviously I do
(13:54 / All) Ninja_Techies: cuz BM is OP lol
(14:00 / All) andilovemysex: rofl noob
(14:11 / All) Ninja_Techies: he can 3 shot NE units
(14:15 / All) andilovemysex: lol noob
(16:39 / All) Ninja_Techies: silly nub lol
(16:47 / All) andilovemysex: nah winning
(17:11 / All) Ninja_Techies: cuz Orc>NE
(17:15 / All) andilovemysex: nope
(17:17 / All) andilovemysex: backwards
(18:25 / All) Ninja_Techies: u must be special or something
(19:10 / All) andilovemysex: camp
(19:12 / All) andilovemysex: noob
(19:17 / All) Ninja_Techies: i cant expand you noob
(19:21 / All) andilovemysex: NOOB
(19:23 / All) Ninja_Techies: becuase if i do ull just kill it in 2 seconds
(21:09 / All) andilovemysex: sup
(21:11 / All) andilovemysex: nubadub
(24:45 / All) andilovemysex: man you're bad
(24:48 / All) andilovemysex: all towers LOL
(24:50 / All) andilovemysex: towercraft 3?
(25:04 / All) andilovemysex: i think ill go afk and cook dinner now
(27:32 / All) Ninja_Techies: wtf
(27:37 / All) andilovemysex: what
(27:43 / All) Ninja_Techies: they attacked on their own lol
(27:45 / All) andilovemysex: going afk too noobie?
(27:46 / All) andilovemysex: lol
(27:48 / All) andilovemysex: yea
(27:50 / All) andilovemysex: you're bad bro
(28:03 / All) andilovemysex: I can teach you how to play for 20 bucks
(28:05 / All) andilovemysex: paypal
(28:40 / All) andilovemysex: wanna see me pwn your base with just 2 heros?
(28:42 / All) andilovemysex: to show how bad you are?
(29:15 / All) andilovemysex: shit
(29:17 / All) andilovemysex: chicken
(29:19 / All) andilovemysex: is ready'
(29:21 / All) Ninja_Techies: wtf